 Dungeon Crawl Stone Soup version 0.19-a0-1907-gcff654f (webtiles) character file.

1071 quincunx the Agent of Entropy (level 8, -1/58 HPs)
             Began as a Demonspawn Abyssal Knight on Oct 22, 2016.
             Was a Priest of Lugonu.
             Shot with an arrow by a centaur (3 damage)
             ... on level 5 of the Dungeon.
             The game lasted 00:23:27 (6860 turns).

quincunx the Agent of Entropy (DsAK)                Turns: 6860, Time: 00:23:28

Health: -1/58      AC: 10    Str: 14    XL:     8   Next: 7%
Magic:  0/13       EV: 10    Int: 14    God:    Lugonu [***...]
Gold:   224        SH:  0    Dex: 13    Spells: 0 memorised, 7 levels left

rFire  . . .     SeeInvis .     a - +1 mace
rCold  . . .     Gourm    .     l - +0 ring mail
rNeg   . . .     Faith    .     (no shield)
rPois  .         Spirit   +     (helmet restricted)
rElec  .         Reflect  .     (no cloak)
rCorr  +         Harm     .     (no gloves)
MR     .....                    (no boots)
Stlth  +.........               s - amulet of guardian spirit
                                (no ring)
                                d - +1 ring of protection

@: no status effects
A: antennae 1, yellow scales 3, powered by death 1, magic shield
a: Depart the Abyss, Bend Space, Banish, Renounce Religion


You were on level 5 of the Dungeon.
You worshipped Lugonu.
Lugonu was most pleased with you.
You were not hungry.

You visited 1 branch of the dungeon, and saw 5 of its levels.
You visited the Abyss 1 time.

You collected 224 gold pieces.

Inventory:

Hand Weapons
 a - a +1 mace (weapon)
 y - a +0 flail
Armour
 b - a +0 leather armour
 l - a +0 ring mail (worn)
 x - a +0 chain mail
 B - a +0 scale mail
Jewellery
 d - a +1 ring of protection (left hand)
 s - an amulet of guardian spirit (around neck)
Wands
 v - a wand of iceblast (10/15)
Scrolls
 h - 4 scrolls of identify
 i - a scroll of recharging
 n - a scroll of magic mapping
 o - a scroll of remove curse
 q - a scroll of noise {unknown}
 r - a scroll of fog {unknown}
 t - a scroll of blinking {unknown}
 w - a scroll of teleportation {unknown}
 C - a scroll of enchant armour {unknown}
Potions
 j - a potion of invisibility {unknown}
 p - a potion of flight {unknown}
 u - a potion of magic {unknown}
 z - a potion of brilliance {unknown}
Comestibles
 c - 4 bread rations
 f - 4 meat rations
 g - a fruit
 k - 2 chunks of flesh


   Skills:
 - Level 3.0 Fighting
 * Level 7.2 Maces & Flails
 - Level 1.7 Armour
 - Level 0.8 Dodging
 + Level 7.5 Invocations


You had 7 spell levels left.
You didn't know any spells.

Dungeon Overview and Level Annotations

Branches:
Dungeon (5/15)             Temple (0/1) D:5

Altars:

Annotations:
D:4 Disciple's ghost, amateur DrWz; Grinder
Abyss:1 Prince Ribbit; Sigmund


Innate Abilities, Weirdness & Mutations

You have a pair of small antennae on your head.
You are completely covered in yellow scales. (AC +4, rCorr)
You regenerate a little health from kills.
When hurt, damage is shared between your health and your magic reserves.


Message History

You feel sick.
The centaur wields a shortbow.
The centaur shoots an arrow.
The arrow barely misses you.
The centaur shoots an arrow.
The arrow hits you.
You see here an arrow.
The centaur shoots an arrow.
The arrow hits you!
The centaur shoots an arrow.
The arrow hits you!
* * * LOW HITPOINT WARNING * * *
You see here 2 arrows.
You feel sick.
You are no longer poisoned.
The centaur shoots an arrow.
The arrow hits you!
* * * LOW HITPOINT WARNING * * *
The centaur shoots an arrow.
The arrow hits you.
* * * LOW HITPOINT WARNING * * *
You see here an arrow.
The centaur shoots an arrow.
The arrow closely misses you.
The centaur shoots an arrow.
The arrow hits you.
* * * LOW HITPOINT WARNING * * *
The centaur shoots an arrow.
The arrow hits you.
You die...

#....# #................,.
############....#.#.#......#*#
##.........#....#......###
########..####...#..#..#.........
#........####......##.(.......#*#
#........##......(...c..##.#### #
#..............(..#.....(...#####
#..............................##
#...............@##.............†
#..........###..........(...#####
#.........## #..............####*
########..# #...................
#.#####...............####
#....(..............###**
###..##....####.###.....**
##>...................,,
#.....#############..#*,


You could see a centaur.

Vanquished Creatures
  A water moccasin (D:5)
  An ogre (D:4)
  A bullfrog (D:5)
  2 scorpions (D:5)
  A quasit (D:4)
  A hound (D:4)
  A jelly (D:5)
  An iguana (D:5)
  2 orc wizards (D:4)
  5 worker ants
  A worker ant zombie (D:5)
  7 adders
  A gnoll (D:2)
  3 oozes
  2 adder skeletons (D:5)
  5 worms
  2 dart slugs
  6 leopard geckos
  13 orcs
  11 bats
  2 giant cockroaches
  10 goblins
  5 hobgoblins
  8 jackals
  6 kobolds
  2 quokkas
  A ball python skeleton (D:4)
  6 frilled lizards
  9 rats
116 creatures vanquished.

Notes
Turn   | Place    | Note
-------+----------+-------------------------------------------
     0 | Abyss:1  | quincunx the Demonspawn Abyssal Knight began the quest for the Orb.
     0 | Abyss:1  | Reached XP level 1. HP: 18/18 MP: 2/2
    22 | D:1      | Escaped the Abyss
    66 | D:1      | Gained mutation: You regenerate a little health from kills. [demonic ancestry]
    66 | D:1      | Reached XP level 2. HP: 16/24 MP: 4/4
   390 | D:1      | Reached ** piety under Lugonu
   435 | D:1      | Gained mutation: You have a pair of small antennae on your head. [demonic ancestry]
   435 | D:1      | Reached XP level 3. HP: 18/29 MP: 5/5
  1853 | D:2      | Gained mutation: You are partially covered in yellow scales. (AC +2) [demonic ancestry]
  1853 | D:2      | Reached XP level 4. HP: 31/35 MP: 6/6
  2583 | D:3      | Reached *** piety under Lugonu
  2762 | D:3      | Gained mutation: You are mostly covered in yellow scales. (AC +3) [demonic ancestry]
  2762 | D:3      | Reached XP level 5. HP: 40/41 MP: 6/8
  3551 | D:4      | Noticed Disciple's ghost (amateur DrWz)
  3559 | D:5      | Entered Level 5 of the Dungeon
  3559 | D:5      | Noticed Sigmund
  3979 | D:4      | Reached skill level 5 in Invocations
  4216 | D:4      | Gained mutation: When hurt, damage is shared between your health and your magic reserves. [demonic ancestry]
  4216 | D:4      | Reached XP level 6. HP: 47/47 MP: 9/9
  4354 | D:4      | Noticed Grinder
  4374 | D:5      | Noticed Prince Ribbit
  4404 | D:4      | Reached skill level 5 in Maces & Flails
  4945 | D:4      | Paralysed by Grinder for 4 turns
  5422 | D:5      | Gained mutation: You are completely covered in yellow scales. (AC +4, rCorr) [demonic ancestry]
  5422 | D:5      | Reached XP level 7. HP: 42/52 MP: 8/11
  5597 | D:5      | Found a staircase to the Ecumenical Temple.
  6571 | D:5      | Banished Sigmund
  6585 | D:5      | Banished Prince Ribbit
  6585 | D:5      | Reached XP level 8. HP: 42/58 MP: 8/13
  6859 | D:5      | HP: 1/58 [centaur/arrow (4)]
  6860 | D:5      | Shot with an arrow by a centaur

Vault maps used:
D:1:      erik_arrival_gehennom
D:2:      first_bread, minmay_tromino_v4_c
D:3:      grunt_ministairs_13
D:4:      uniq_grinder
D:5:      uniq_sigmund, uniq_prince_ribbit1

Skill      XL: |  1  2  3  4  5  6  7 |
---------------+----------------------+-----
Maces & Flails | 2 3 4 5 7 |  7.2
Invocations    | 3 4 5 6 7 |  7.5
Fighting       | |  3.0
Armour         | |  1.7
Dodging        | |  0.8

Action                   |  1- 3 |  4- 6 |  7- 9 || total
-------------------------+-------+-------+-------++-------
Melee: Mace              |   131 |   313 |   152 ||   596
Invok: Banish            |       |       |     2 ||     2
       Bend Space        |       |       |     1 ||     1
  Use: Scroll            |     1 |     4 |       ||     5
       Potion            |     1 |     1 |     5 ||     7
  Eat: Chunk             |     3 |    10 |     6 ||    19
       Fruit             |       |     2 |       ||     2
Armor: Leather armour    |    46 |    48 |       ||    94
       Ring mail         |       |   150 |    65 ||   215
       Skin              |       |       |     5 ||     5
Dodge: Dodged            |    98 |   185 |    81 ||   364
